 Dungeon Crawl Stone Soup version 0.22.1-6-g1668fe2c40 (webtiles) character file.

53 Kohma the Grave Robber (level 3, -2/26 HPs)
             Began as a Demonspawn Necromancer on Jan 21, 2019.
             Slain by Natasha (6 damage)
             ... on level 1 of the Dungeon.
             The game lasted 00:10:46 (2492 turns).

Kohma the Grave Robber (Demonspawn Necromancer)     Turns: 2492, Time: 00:10:47

Health: -2/26      AC:  4    Str:  8    XL:     3   Next: 64%
Magic:  4/6        EV: 12    Int: 17    God:
Gold:   69         SH:  0    Dex: 13    Spells: 6/7 levels left

rFire    . . .     SeeInvis .   m - +0 hunting sling
rCold    . . .     Gourm    .   (no shield)
rNeg     . . .     Faith    .   a - +0 robe
rPois    .         Spirit   .   s - +0 helmet
rElec    .         Reflect  .   (no cloak)
rCorr    .         Harm     .   (no gloves)
MR       .....                  (no boots)
Stlth    ++........             (no amulet)
HPRegen  0.08/turn              (no ring)
MPRegen  0.10/turn              (no ring)

@: slowed, very slow
A: rugged brown scales 1, powered by pain 1
a: no special abilities


You were on level 1 of the Dungeon.
You were not hungry.

You visited 1 branch of the dungeon, and saw 2 of its levels.

You collected 69 gold pieces.

Inventory:

Hand Weapons
 m - a +0 hunting sling (weapon)
 o - a +0 dagger
 p - a +1 mace of protection
Missiles
 b - 35 arrows
 e - 14 sling bullets (quivered)
 r - 16 stones
Armour
 a - a +0 robe (worn)
 s - a +0 helmet (worn)
Scrolls
 f - 3 scrolls of identify {unknown}
 g - a scroll of enchant weapon {unknown}
 k - 2 scrolls of fog {unknown}
 l - 3 scrolls of teleportation {unknown}
 t - a scroll of random uselessness {unknown}
Potions
 d - a potion of degeneration {unknown}
 h - 2 potions of flight {unknown}
 i - a potion of lignification {unknown}
 j - a potion of curing {unknown}
 q - a potion of agility {unknown}
Comestibles
 c - 4 rations
 n - 5 chunks of flesh


   Skills:
 + Level 1.3 Fighting
 - Level 1.7 Dodging
 - Level 1.7 Stealth
 + Level 2.5 Spellcasting
 * Level 5.2 Necromancy


You had 6 spell levels left.
You knew the following spells:

 Your Spells              Type           Power        Failure   Level  Hunger
a - Pain                  Necr           ###.         2%          1    #......

Your spell library contained the following spells:

 Spells                   Type           Power        Failure   Level  Hunger
 Animate Skeleton         Necr           N/A          2%          1    #......
 Vampiric Draining        Necr           ###.......   6%          3    ###....
 Regeneration             Chrm/Necr      ##........   19%         3    ###....
 Animate Dead             Necr           N/A          22%         4    #####..


Dungeon Overview and Level Annotations

Branches:
Dungeon (2/15)

Altars:

Annotations:
D:1 Natasha


Innate Abilities, Weirdness & Mutations

You are partially covered in rugged brown scales. (AC +1, +3% HP)
You sometimes gain a little power by taking damage.


Message History

You see here 3 sling bullets.
Natasha casts a spell at you.
You feel yourself slow down.
Natasha howls an incantation.
You feel troubled.
There is a stone staircase leading up here.
Natasha barely misses you. Natasha claws you.
You climb upwards.
There is a stone staircase leading down here.
Natasha barely misses you. Natasha closely misses you. Natasha claws you!
* * * LOW HITPOINT WARNING * * *
Natasha wildly gestures.
Natasha's front paws start to glow.
Natasha casts a spell.
Natasha claws you.
* * * LOW HITPOINT WARNING * * *
You open the door. Natasha claws you.
You die...

##......## #.........#
#........####.......#.#
##.........##...###.#.#
#.^##.###.#....###.#.###
####..##.###......##......# #
#.....##............>.#.#.# #
#.#...######.##5........#.# #
#....#######.##h#.###.###.######
##.#.........##@#.###.# #.##....
#.############'#.....# #.##.##.
#.# ##...###### #.##.##. #.####
##.....## #.....#. #.##.##
##.......## ##.##..#.
#.#...####.........####...#..#.
#........'.........'...........
###.#...####.........####...#....
.......## ##.......## ##.##..##


You could see Natasha and a white imp.

Vanquished Creatures
  An adder (D:2)
  2 oozes (D:1)
  A worm (D:2)
  A dart slug (D:2)
  An orc (D:2)
  4 bats (D:1)
  5 goblins
  6 hobgoblins
  2 kobolds
  6 rats
29 creatures vanquished.

Notes
Turn   | Place    | Note
-------+----------+-------------------------------------------
     0 | D:1      | Kohma the Demonspawn Necromancer began the quest for the
                  | Orb.
     0 | D:1      | Reached XP level 1. HP: 13/13 MP: 3/3
   393 | D:1      | Gained mutation: You sometimes gain a little power by
                  | taking damage. [demonic ancestry]
   393 | D:1      | Reached XP level 2. HP: 17/20 MP: 0/5
  1202 | D:1      | Reached skill level 1 in Fighting
  1623 | D:2      | Reached skill level 5 in Necromancy
  1709 | D:1      | Gained mutation: You are partially covered in rugged brown
                  | scales. (AC +1, +3% HP) [demonic ancestry]
  1709 | D:1      | Reached XP level 3. HP: 8/26 MP: 4/6
  1992 | D:2      | Noticed Natasha
  2492 | D:1      | Slain by Natasha

Skill      XL: |  1  2 |
---------------+-------+-----
Fighting       | 1 |  1.3
Necromancy     | 5 |  5.2
Dodging        | |  1.7
Stealth        | |  1.7
Spellcasting   | |  2.5

Action                   || total
-------------------------++-------
Melee: Unarmed           ||     7
 Fire: Hunting sling     ||    19
 Cast: Pain              ||    66
 Stab: Sleeping          ||     1
  Eat: Chunk             ||     5
Armor: Robe              ||     6
Dodge: Dodged            ||    34
